 Dungeon Crawl Stone Soup version 0.31-a0-441-g867994ef1c (webtiles) character file.

Game seed: 4091232131254844992

8 Shard1697 the Charlatan (level 2, 13/21 HPs)
             Began as a Demonspawn Artificer on Aug 2, 2023.
             Quit the game on level 1 of the Dungeon.
             The game lasted 00:00:42 (267 turns).

Shard1697 the Charlatan (Demonspawn Artificer)       Turns: 267, Time: 00:00:42

Health: 13/21      AC:  5    Str: 12    XL:     2   Next: 0%
Magic:  2/2        EV: 10    Int: 12    God:
Gold:   0          SH:  0    Dex: 13    Spells: 1/1 levels left

rFire   . . .        g - +0 hand axe
rCold   . . .        (no shield)
rNeg    . . .        h - +0 ring mail
rPois   .            (no helmet)
rElec   .            (no cloak)
rCorr   .            (no gloves)
SInv    .            (no boots)
Will    .....        (no amulet)
Stlth   +            (no ring)
HPRegen 0.23/turn    (no ring)
MPRegen 0.08/turn

%: no passive effects
@: no status effects
A: claws 1
a: no special abilities


You were on level 1 of the Dungeon.
You visited 1 branch of the dungeon, and saw 2 of its levels.

Inventory:

Hand Weapons
 a - a +0 club
 g - a +0 hand axe (weapon)
Armour
 h - a +0 ring mail (worn)
Wands
 c - a wand of flame (11) (quivered)
 d - a wand of charming (15)
 e - a wand of iceblast (5)
Potions
 b - a potion of curing {unknown}
 f - a potion of enlightenment {unknown}


   Skills:
 - Level 1.0 Fighting
 + Level 1.4 Axes
 - Level 1.7 Armour
 - Level 0.8 Dodging
 - Level 0.8 Stealth
 - Level 3.0 Evocations


You had one spell level left.
You didn't know any spells.
Your spell library was empty.

Dungeon Overview and Level Annotations

Branches:
Dungeon (2/15)

Altars:


Innate Abilities, Weirdness & Mutations

You have sharp fingernails.


Message History

Aim: a hobgoblin (71% to hit)
The puff of flame hits the hobgoblin.
The hobgoblin is almost dead.
You slash the hobgoblin!
You kill the hobgoblin!
A goblin comes into view. It is wielding a +0 club.
The goblin shouts!
There is a stone staircase leading up here.
You climb upwards.
The endoplasm freezes you.
You are frozen.
Found a purple potion and a robe.
There is a stone staircase leading down here.
Aiming: Throw Flame
Press: ? - help, Shift-Dir - straight line, f - endoplasm
Aim: an endoplasm (98% to hit)
The puff of flame hits the endoplasm!
You kill the endoplasm!
You start resting.
HP restored.
b - a purple potion An endoplasm and a hobgoblin come into view.
The hobgoblin shouts!
The endoplasm quivers.
There are monsters nearby!
You barely miss the hobgoblin. The hobgoblin misses you.
The hobgoblin attacks as you move away! The hobgoblin hits you.
You hit the endoplasm.
The endoplasm is moderately wounded.
The endoplasm freezes you.
You are frozen.
Aiming: Throw Flame
Press: ? - help, Shift-Dir - straight line, f - endoplasm
Aim: an endoplasm (moderately wounded, 98% to hit)
The puff of flame hits the endoplasm.
You kill the endoplasm!
You have reached level 2!
Your demonic ancestry asserts itself...
Your fingernails lengthen.
Are you sure you want to abandon this character and quit the game? (Confirm with "yes".)

.# .# #.. .#
#.# .# #.# .# #
#.# .# ... #.#
####.#..... #.#
#.@g.......
#.###.##.#.....
#######.##..#
.# ###
#..........##
.# #.###...####
.# #....>### .+
#####.....# ##
#.###.# #.#


You could see a hobgoblin.

Vanquished Creatures
  2 endoplasms (D:1)
  2 hobgoblins
  2 kobolds (D:1)
  A rat (D:1)
7 creatures vanquished.

Notes
Turn   | Place    | Note
-------+----------+-------------------------------------------
     0 | D:1      | Shard1697 the Demonspawn Artificer began the quest for the
                  | Orb.
     0 | D:1      | Reached XP level 1. HP: 15/15 MP: 1/1
   163 | D:1      | Reached skill level 1 in Axes
   220 | D:1      | You fall into a shaft and drop 1 floor!
   267 | D:1      | Gained mutation: You have sharp fingernails. [demonic
                  | ancestry]
   267 | D:1      | Reached XP level 2. HP: 13/21 MP: 2/2
   267 | D:1      | Quit the game

Illustrated notes

Levels and vault maps discovered:
D:1:      scummos_arrival_forest, layout_basic, eino_curves_04
D:2:      layout_basic, hellmonk_ecumenical_altar_heavens_door, minmay_cupped,
          uniq_jessica

Skill      XL: |  1 |
---------------+----+-----
Axes           | 1 |  1.4
Fighting       | |  1.0
Armour         | |  1.7
Dodging        | |  0.8
Stealth        | |  0.8
Evocations     | |  3.0

Action                     || total
---------------------------++-------
  Melee: Hand axe          ||    20
  Evoke: Wand              ||     4
 Armour: Leather armour    ||     9
  Dodge: Dodged            ||    14

Table legend: (Time is in decaauts)
 A = Elapsed time spent in this place.
 B = Non-inter-level travel time spent in this place.
 C = Inter-level travel time spent in this place.
 D = Time resting spent in this place.
 E = Time spent auto-exploring this place.
 F = Levels seen in this place.
 G = Mean time per level.
                   A        B        C        D        E       F      G
               +--------+--------+--------+--------+--------+-----+--------+
         Total |    271 |    271 |      0 |     46 |    131 |   2 |  135.5 |
       Dungeon |    271 |    271 |      0 |     46 |    131 |   2 |  135.5 |
               +--------+--------+--------+--------+--------+-----+--------+

Top non-repeatable levels by time:
     D:1: 260 daAuts
     D:2: 11 daAuts
